 Dungeon Crawl Stone Soup version 0.31.0-32-g396128a36d (webtiles) character file.

Game seed: 12595483811194934392

214 Silvore the Covered (level 5, -4/47 HPs)
             Began as a Minotaur Fighter on Mar 23, 2024.
             Slain by a kobold brigand
             ... wielding a +0 short sword
              (8 damage)
             ... in a sewer.
             The game lasted 00:02:58 (1603 turns).

Silvore the Covered (Minotaur Fighter)              Turns: 1603, Time: 00:02:59

Health: -4/47      AC:  8    Str: 23    XL:     5   Next: 59%
Magic:  4/4        EV: 10    Int:  5    God:
Gold:   136        SH:  4    Dex:  9    Spells: 4/4 levels left

rFire   . . .        a - +0 flail
rCold   . . .        c - +0 buckler
rNeg    . . .        b - +0 scale mail
rPois   .            (helmet restricted)
rElec   .            (no cloak)
rCorr   .            (no gloves)
SInv    .            g - +0 pair of boots
Will    .....        (no amulet) Stlth
                     (no ring)
HPRegen 0.27/turn    (no ring)
MPRegen 0.09/turn

%: no passive effects
@: lethally poisoned (-4 -> -5), very slow
A: horns 2, retaliatory headbutt
a: no special abilities


You were in a sewer.
You visited 1 branch of the dungeon, and saw 3 of its levels.
You also visited: Sewer.

You collected 136 gold pieces.

Inventory:

Hand Weapons
 a - a +0 flail (weapon)
Missiles
 t - a throwing net (quivered)
Armour
 b - a +0 scale mail (worn)
 c - a +0 buckler (worn)
 g - a +0 pair of boots (worn)
Jewellery
 e - an amulet of faith
Scrolls
 h - a scroll of fog {unknown}
 i - 2 scrolls of teleportation {unknown}
 k - a scroll of vulnerability {unknown}
 l - 2 scrolls of amnesia {unknown}
 n - 2 scrolls of fear {unknown}
 o - a scroll of silence {unknown}
 r - 3 scrolls of identify {unknown}
Potions
 f - a potion of lignification {unknown}
 j - 4 potions of heal wounds {unknown}
 m - a potion of haste {unknown}
 p - 2 potions of resistance {unknown}
 q - a potion of degeneration {unknown}
 s - a potion of enlightenment {unknown}


   Skills:
 + Level 4.6 Fighting
 + Level 4.5 Maces & Flails
 + Level 5.0 Armour
 + Level 1.1 Dodging
 + Level 4.3 Shields


You had 4 spell levels left.
You didn't know any spells.
Your spell library contained the following spells:

 Spells                   Type           Power      Damage    Failure   Level
 Freeze                   Ice            0%         1d3       83%         1
 Jinxbite                 Hex            0%         N/A       93%         2
 Frozen Ramparts          Ice            0%         1d1       99%         3
 Hailstorm                Conj/Ice       0%         3d5       99%         3
 Yara's Violent Unravell  Hex/Alch       0%         3d3       100%        5
 Enfeeble                 Hex            0%         N/A       100%        7


Dungeon Overview and Level Annotations

Branches:
Dungeon (3/15)              Sewer (1/1)

Altars:


Innate Abilities, Weirdness & Mutations

You have a pair of horns on your head.
You reflexively headbutt those who attack you in melee.


Message History

You kill the kobold!
You hear a splash. x2
Items here: ( )))) ††.
Your unstable footing causes you to fumble your attack.
The kobold hits you but does no damage.
You thump the kobold!
You kill the kobold!
You hear a splash. x2
You closely miss the kobold. The kobold hits you with a +0 dagger.
* * * LOW HITPOINT WARNING * * *
You thump the kobold!
You kill the kobold!
You hear a splash.
The kobold brigand throws a poisoned dart.
You block the poisoned dart.
Items here: (( ))) †.
The jackal stops to sniff the water.
Why would you want to do that?
The kobold brigand throws a poisoned dart.
The poisoned dart barely misses you.
You enter the shallow water.
Moving in this stuff is going to be slow.
The kobold brigand throws a poisoned dart.
The poisoned dart hits you!
You are poisoned.
You feel very sick.
The kobold brigand throws a poisoned dart.
The poisoned dart hits you!
You are more poisoned.
* * * LOW HITPOINT WARNING * * *
You feel very sick.
You feel very sick.
You feel sick.
You feel sick. The jackal closely misses you. You furiously retaliate!
You headbutt the jackal!
You kill the jackal!
You feel a little less mighty now.
You feel sick.
The kobold brigand hits you with a +0 short sword!
You die...

##~~≈~.##
###########..~≈~..#
~~~~~~~~~))~~~≈~~.#
###########~.~≈~~~#
#..~≈~~.# #.~~≈~~.#
#~~≈≈≈~.# #.~≈≈≈K~#
#.~≈≈≈@~# #..~~~..#
#.~~.~..# ####.####
... ..... ≈~....#
.~....## ##......


You could see a kobold brigand.

Vanquished Creatures
  A kobold brigand (Sewer)
  Robin (D:2)
  A river rat (Sewer)
  4 adders (D:2)
  4 dart slugs
  7 ball pythons
  4 bats
  5 endoplasms
  4 giant cockroaches
  12 goblins
  6 hobgoblins
  4 jackals
  3 quokkas
  8 frilled lizards
  10 kobolds
  6 rats
80 creatures vanquished.

Notes
Turn   | Place    | Note
-------+----------+-------------------------------------------
     0 | D:1      | Silvore the Minotaur Fighter began the quest for the Orb.
     0 | D:1      | Reached XP level 1. HP: 19/19 MP: 0/0
   103 | D:1      | Reached XP level 2. HP: 27/27 MP: 1/1
   201 | D:1      | Reached skill level 4 in Armour
   209 | D:1      | Found a faded altar of an unknown god.
   581 | D:2      | Reached XP level 3. HP: 33/33 MP: 2/2
   795 | D:2      | Noticed Robin
   841 | D:2      | Reached XP level 4. HP: 22/40 MP: 3/3
   849 | D:2      | Killed Robin
  1457 | D:3      | Found a glowing drain.
  1476 | Sewer    | Entered a sewer
  1492 | Sewer    | Reached XP level 5. HP: 47/47 MP: 4/4
  1578 | Sewer    | Reached skill level 5 in Armour
  1578 | Sewer    | Reached skill level 1 in Dodging
  1603 | Sewer    | Slain by a kobold brigand

Illustrated notes

Levels and vault maps discovered:
D:1:      nagdon_arrival_zigzag_paths, layout_rooms,
          shapermc_ecumenical_altar_ellora, grunt_decor_arrowhead, minmay_cupped
D:2:      kennysheep_six_static_rooms, layout_rooms, uniq_robin
D:3:      layout_loops_cross, portal_sewer_entry_a, grunt_ministairs_4
Sewer:    sewer_kobolds

Skill      XL: |  1  2  3  4  5 |
---------------+----------------+-----
Fighting       | 4 |  4.6
Armour         | 4 5 |  5.0
Shields        | 4 |  4.3
Maces & Flails | 3 4 |  4.5
Dodging        | 1 |  1.1

Action                     |  1- 3 |  4- 6 || total
---------------------------+-------+-------++-------
  Melee: Flail             |    76 |    98 ||   174
         Headbutt          |     2 |     8 ||    10
    Use: Potion            |       |     1 ||     1
 Armour: Scale mail        |    96 |    87 ||   183
  Dodge: Dodged            |    44 |    55 ||    99
  Block: Buckler           |    24 |    25 ||    49
